 Dungeon Crawl Stone Soup version 0.27-a0-899-ge2d0b17c59 (webtiles) character file.

Game seed: 17306550421301261211

4 siradein the Magician (level 1, 0/15 HPs)
             Began as a Djinni Conjurer on Apr 5, 2021.
             Slain by a jackal (1 damage)
             ... on level 2 of the Dungeon.
             The game lasted 00:01:20 (368 turns).

siradein the Magician (Djinni Conjurer)              Turns: 368, Time: 00:01:22

Health: 0/15       AC:  2    Str:  6    XL:     1   Next: 70%
Gold:   18         EV: 12    Int: 19    God:
                   SH:  0    Dex: 11

rFire    + + .     SeeInvis .   (no weapon)
rCold    x . .     Faith    .   (no shield)
rNeg     . . .     Spirit   .   a - +0 robe
rPois    ∞         Reflect  .   (no helmet)
rElec    .         Harm     .   (no cloak)
rCorr    .         Rampage  .   (no gloves)
Will     .....                  (boots unavailable)
Stlth    ++........             (no amulet)
HPRegen  0.05/turn              (no ring)
MPRegen  0.00/turn              (no ring)

@: flying
A: fire resistance 2, cold vulnerability 1, float, innate caster, hp casting,
extra vitality 1
a: no special abilities


You were on level 2 of the Dungeon.
You visited 1 branch of the dungeon, and saw 2 of its levels.

You collected 18 gold pieces.

Inventory:

Armour
 a - a +0 robe (worn)
Potions
 b - a potion of heal wounds {unknown}


   Skills:
 - Level 2.1 Dodging
 - Level 1.5 Stealth
 + Level 3.8 Spellcasting


You couldn't memorise any spells.
You knew the following spells:

 Your Spells              Type           Power      Damage    Failure   Level
a - Magic Dart            Conj           72%        1d6       3%          1
b - Searing Ray           Conj           36%        3d4       4%          2
c - Dazzling Flash        Conj/Hex       36%        N/A       9%          3
d - Fulminant Prism       Conj/Hex       9%         3d7       28%         4
e - Iskenderun's Mystic   Conj/Tloc      18%        2d6       28%         4
Your spell library was empty.

Dungeon Overview and Level Annotations

Branches:
Dungeon (1/15)

Altars:


Innate Abilities, Weirdness & Mutations

You are immune to poison.
Your flesh is very heat resistant. (rF++)
You are vulnerable to cold. (rC-)
You float through the air rather than walking.
You learn spells naturally, not from books.
Your magical power is your life essence.
You have superior vitality. (+4 HP)


Message History

The jackal moves out of view.
The hobgoblin shouts!
The jackal barks!
You hear a bark!
The bat closely misses you.
A jackal comes into view.
The jackal misses you.
You hit the jackal.
The jackal is moderately wounded.
The bat misses you. The jackal closely misses you.
The quokka barely misses you.
You hit the jackal.
The jackal is heavily wounded.
The bat misses you. The jackal bites you.
The quokka bites you but does no damage.
The jackal bites you. The bat hits you but does no damage.
You closely miss the bat. The bat hits you but does no damage.
The bat closely misses you. The bat barely misses you.
The quokka barely misses you. The jackal closely misses you.
The bat hits you but does no damage. The quokka barely misses you.
You closely miss the jackal. The bat barely misses you. x3
The jackal closely misses you. The jackal barely misses you.
The quokka barely misses you.
A frilled lizard comes into view.
The jackal closely misses you.
You miss the jackal.
The jackal is heavily wounded.
The bat closely misses you. The jackal closely misses you.
The quokka closely misses you. The jackal bites you.
The hobgoblin barely misses you.
You hit the jackal but do no damage.
The jackal is heavily wounded.
The bat hits you but does no damage. The jackal bites you.
The quokka bites you. The jackal closely misses you. The hobgoblin hits you.
* * * LOW HITPOINT WARNING * * *
You closely miss the jackal.
The jackal is heavily wounded.
The bat barely misses you. x2; The jackal closely misses you. x2
The quokka bites you.
* * * LOW HITPOINT WARNING * * *
The hobgoblin misses you. The jackal bites you.
You die...

........#
........#
........#
........#
........#
........#
......w.##
#####..gr#
##bh@#
##bh# #hh#
.... ..?..
.......
#.......
...#####.


You could see a dart slug, a quokka, 4 jackals, a hobgoblin and 2 bats.

Vanquished Creatures
  2 hobgoblins (D:1)
  A ball python (D:1)
  A kobold (D:1)
  A rat (D:1)
5 creatures vanquished.

Notes
Turn   | Place    | Note
-------+----------+-------------------------------------------
     0 | D:1      | siradein the Djinni Conjurer began the quest for the Orb.
     0 | D:1      | Reached XP level 1. HP: 15/15 MP: 0/0
   358 | D:1      | You are sucked into a shaft and drop 1 floor!
   368 | D:2      | Slain by a jackal

Illustrated notes

Levels and vault maps discovered:
D:1:      dpeg_arrival_rooms_a, layout_basic, columned_hall_lemuel
D:2:      layout_rooms, shapermc_ecumenical_altar_hornbeckon, basic_altar,
          minmay_misc_feat_square

Action                   || total
-------------------------++-------
Melee: Unarmed           ||     7
 Cast: Magic Dart        ||    13
Armor: Robe              ||     5
Dodge: Dodged            ||    28

Table legend: (Time is in decaauts)
 A = Elapsed time spent in this place.
 B = Non-inter-level travel time spent in this place.
 C = Inter-level travel time spent in this place.
 D = Time resting spent in this place.
 E = Time spent auto-exploring this place.
 F = Levels seen in this place.
 G = Mean time per level.
                   A        B        C        D        E       F      G
               +--------+--------+--------+--------+--------+-----+--------+
         Total |    367 |    367 |      0 |      0 |    338 |   2 |  183.5 |
       Dungeon |    367 |    367 |      0 |      0 |    338 |   2 |  183.5 |
               +--------+--------+--------+--------+--------+-----+--------+

Top non-repeatable levels by time:
     D:1: 358 daAuts
     D:2: 9 daAuts
